 Dungeon Crawl Stone Soup version 0.32-a0-35-gd9ff480968 (webtiles) character file.

Game seed: 16706850028685104858

857 Conn the Sneak (level 8, 0/46 HPs)
             Began as an Octopode Fire Elementalist on Jan 21, 2024.
             Was an Initiate of Sif Muna.
             Slain by an adder (4 damage)
             ... on level 4 of the Dungeon on Jan 22, 2024.
             The game lasted 00:15:22 (5311 turns).

Conn the Sneak (Octopode Fire Elementalist)         Turns: 5311, Time: 00:15:23

Health: 0/46       AC:  1    Str:  8    XL:     8   Next: 2%
Magic:  0/13       EV: 13    Int: 22    God:    Sif Muna [......]
Gold:   162        SH:  0    Dex:  8    Spells: 4/14 levels left

rFire   + . .        d - +0 war axe "Vaokuyvar" {heavy, +Blink rF+ Int+3 Dex-4}
rCold   . . .        (no shield)
rNeg    + . .        p - +0 hat
rPois   .            A - amulet of guardian spirit
rElec   .            j - ring of positive energy
rCorr   .            t - ring of wizardry
SInv    .            (no ring)
Will    .....        (no ring)
Stlth   ++++         (no ring)
HPRegen 0.27/turn    (no ring)
MPRegen 0.13/turn    (no ring)
                     (no ring)

%: guardian spirit, wizardry (x1)
@: no status effects
A: almost no armour, amphibious, 8 rings, camouflage 1, gelatinous body 1,
(nimble swimmer 1), tentacles
a: Renounce Religion, Evoke Blink


You were on level 4 of the Dungeon.
You worshipped Sif Muna.
Sif Muna was noncommittal.
You visited 2 branches of the dungeon, and saw 6 of its levels.

You collected 162 gold pieces.

Inventory:

Hand Weapons
 d - the +0 war axe "Vaokuyvar" (weapon) {heavy, +Blink rF+ Int+3 Dex-4}
   (You found it on level 4 of the Dungeon)

   Int+3:     It affects your intelligence (+3).
   Dex-4:     It affects your dexterity (-4).
   rF+:       It protects you from fire.
   +Blink:    It lets you blink.
 m - a +0 dagger
 n - a +0 rapier
 r - a +3 dagger
 u - the +5 mace of Guistrig {freeze, Int+3 SInv}
   (You found it on level 3 of the Dungeon)

   Int+3:     It affects your intelligence (+3).
   SInv:      It lets you see invisible.
Missiles
 g - 8 poisoned darts
 w - a throwing net
Armour
 p - a +0 hat (worn)
Magical Staves
 y - a staff of alchemy
Jewellery
 j - a ring of positive energy (left tentacle)
 t - a ring of wizardry (right tentacle)
 A - an amulet of guardian spirit (around mantle)
Scrolls
 b - 2 scrolls of teleportation
 c - a scroll of identify
 l - a scroll of noise {unknown}
 s - a scroll of blinking {unknown}
 x - a scroll of revelation {unknown}
 z - a scroll of amnesia {unknown}
Potions
 a - a potion of magic
 e - a potion of might
 f - 3 potions of curing
 h - a potion of haste {unknown}
 i - a potion of lignification {unknown}
 k - a potion of degeneration {unknown}
 o - a potion of heal wounds {unknown}
 q - a potion of brilliance {unknown}
 v - a potion of enlightenment {unknown}


   Skills:
 + Level 3.8 Dodging
 + Level 5.6 Stealth
 + Level 3.5 Spellcasting
 * Level 4.3 Conjurations
 + Level 2.3 Hexes
 + Level 4.3 Fire Magic
 + Level 1.2 Invocations
 + Level 1.3 Evocations


You had 4 spell levels left.
You knew the following spells:

 Your Spells              Type           Power      Damage    Failure   Level
a - Foxfire               Conj/Fire      92%        2x1d8     1%          1
b - Scorch                Fire           46%        2d6       1%          2
c - Inner Flame           Hex/Fire       18%        N/A       3%          3
d - Flame Wave            Conj/Fire      23%        2d8       9%          4

Your spell library contained the following spells:

 Spells                   Type           Power      Damage    Failure   Level
 Ensorcelled Hibernation  Hex/Ice        18%        N/A       4%          2
 Volatile Blastmotes      Fire/Tloc      26%        2d12      6%          3
 Frozen Ramparts          Ice            6%         1d1       14%         3
 Fugue of the Fallen      Necr           3%         N/A       14%         3
 Anguish                  Hex/Necr       4%         N/A       28%         4
 Leda's Liquefaction      Alch/Erth      1%         N/A       41%         4
 Petrify                  Alch/Erth      3%         N/A       41%         4
 Metabolic Englaciation   Hex/Ice        4%         N/A       58%         5


Dungeon Overview and Level Annotations

Branches:
Dungeon (5/15)             Temple (1/1) D:4

Altars:
Ashenzari
Cheibriados
Dithmenos
Elyvilon
Fedhas
Gozag
Hepliaklqana
Kikubaaqudgha
Nemelex Xobeh
Okawaru
Qazlal
Ru
Sif Muna
Trog
Uskayaw
Vehumet
Wu Jian
Yredelemnul
Zin
The Shining One

Shops:
D:2 [

Annotations:
D:5 Dowan, Duvessa, Pikel


Innate Abilities, Weirdness & Mutations

You cannot wear most types of armour.
You are amphibious.
You can wear up to eight rings at the same time.
Your skin changes colour to match your surroundings (Stealth+).
Your rubbery body absorbs attacks. (AC +1, EV +1)
((You are camouflaged when in or above water. (Stealth+)))
You have tentacles for arms and can constrict up to eight enemies at once.


Message History

You start resting.
You feel sick. x2
You are no longer poisoned.
You start resting.
Magic restored.
You start resting.
HP restored.
There is a stone staircase leading down here.
You climb downwards.
Level annotation: Dowan, Duvessa, Pikel The adder barely misses you.
The ufetubus slips past you! The ufetubus closely misses you.
The ufetubus misses you.
Pikel zaps a wand.
Your mind is blasted!
The adder bites you. The ufetubus barely misses you.
The ufetubus closely misses you. Dowan casts a spell at you.
The puff of frost hits you!
There is a stone staircase leading up, spattered with blood here.
The ufetubus hits you. The ufetubus barely misses you. The adder bites you.
* * * LOW HITPOINT WARNING * * *
The ufetubus hits you.
* * * LOW HITPOINT WARNING * * *
The ufetubus hits you.
* * * LOW HITPOINT WARNING * * *
Dowan casts a spell at you. The puff of flame hits you. You resist.
* * * LOW HITPOINT WARNING * * *
You climb upwards.
There is a stone staircase leading down here.
You feel better. The adder misses you. The ufetubus barely misses you.
The ufetubus hits you.
* * * LOW HITPOINT WARNING * * *
The adder closely misses you.
You barely miss the ufetubus. Your grab misses the ufetubus.
You miss the adder. The ufetubus barely misses you. The ufetubus hits you.
* * * LOW HITPOINT WARNING * * *
The adder misses you. The ufetubus closely misses you. The ufetubus hits you.
* * * LOW HITPOINT WARNING * * *
The adder misses you.
The ufetubus hits you but does no damage.
The ufetubus completely misses you. The adder bites you.
You die...

.#.# #.# .#.# #.# .#.# #.#
#################
.#.########'#####................
.#.##.................###########
....'.................# #.....
.#.##.................# #.....
.#.##..........S.###### #.....
.#.######'#.....@############....
.#.# #......5.................
...# ######.........#######..(..
#### #....'.........# #.###(
#.####.........# #.# #. #.#
#.........# #.# #. #.#
#.........# #.# #. #.#
#.........# #.# #. #.#
#.........# #.# #.


You could see an adder and an ufetubus.

Vanquished Creatures
  Sigmund (D:3)
  Eustachio (D:4)
  4 lemures (D:4)
  Blork the orc (D:4)
  A scorpion (D:4)
  A hound (D:4)
  2 bombardier beetles (D:4)
  2 iguanas (D:4)
  Natasha (twice) (D:2)
  Robin (D:2)
  10 adders
  A gnoll (D:1)
  2 white imps (D:4)
  A dart slug (D:1)
  2 ribbon worms
  An orc (D:3)
  10 ball pythons
  4 bats
  9 endoplasms
  4 giant cockroaches
  26 goblins
  7 hobgoblins
  5 kobolds
  2 quokkas
  2 frilled lizards
  5 rats
107 creatures vanquished.

Vanquished Creatures (collateral kills)
  Natasha (D:2)
1 creature vanquished.

Vanquished Creatures (others)
  226 foxfires
226 creatures vanquished.

Grand Total: 334 creatures vanquished

Notes
Turn   | Place    | Note
-------+----------+-------------------------------------------
     0 | D:1      | Conn the Octopode Fire Elementalist began the quest for the
                  | Orb.
     0 | D:1      | Reached XP level 1. HP: 11/11 MP: 3/3
    51 | D:1      | Reached skill level 3 in Stealth
    51 | D:1      | Reached XP level 2. HP: 17/17 MP: 1/5
   378 | D:1      | Reached XP level 3. HP: 21/21 MP: 3/6
   983 | D:2      | Upgraded the game from 0.32-a0-33-g74fbe469d6 to
                  | 0.32-a0-35-gd9ff480968
  1092 | D:2      | Reached XP level 4. HP: 27/27 MP: 3/7
  1210 | D:2      | Learned a level 2 spell: Scorch
  1214 | D:2      | Learned a level 3 spell: Inner Flame
  1219 | D:2      | Found Pilyp's Antique Armour Shoppe.
  1394 | D:2      | Noticed Robin
  1404 | D:2      | Killed Robin
  1584 | D:2      | Noticed Natasha
  1598 | D:2      | Killed Natasha
  1599 | D:2      | Reached skill level 4 in Stealth
  1599 | D:2      | Reached XP level 5. HP: 7/31 MP: 1/8
  1908 | D:2      | Noticed Natasha
  1911 | D:2      | Killed Natasha
  2050 | D:2      | Noticed Natasha
  2053 | D:2      | Killed Natasha
  2399 | D:3      | Reached skill level 1 in Hexes
  2471 | D:3      | Found an ornate altar of the Wu Jian Council.
  2475 | D:3      | Found an opulent altar of Gozag.
  2619 | D:3      | Noticed Sigmund
  2632 | D:3      | Killed Sigmund
  2633 | D:3      | Reached XP level 6. HP: 25/36 MP: 0/10
  2890 | D:3      | Learned a level 4 spell: Flame Wave
  2964 | D:3      | Found a stormy altar of Qazlal.
  2965 | D:3      | Identified the +5 mace of Guistrig {freeze, Int+3 SInv}
  3145 | D:3      | Found an iron altar of Okawaru.
  3150 | D:3      | Found a glowing silver altar of Zin.
  3261 | D:4      | Reached skill level 5 in Stealth
  3293 | D:4      | Found a staircase to the Ecumenical Temple.
  3303 | Temple   | Entered the Ecumenical Temple
  3463 | Temple   | Became a worshipper of Vehumet
  3541 | D:4      | Noticed Blork the orc
  3547 | D:4      | Killed Blork the orc
  3548 | D:4      | Reached XP level 7. HP: 41/41 MP: 4/11
  3609 | D:4      | Found a shimmering blue altar of Sif Muna.
  3622 | D:4      | Fell from the grace of Vehumet
  3622 | D:4      | Became a worshipper of Sif Muna the Loreminder
  3656 | D:4      | Noticed Pikel
  3850 | D:4      | HP: 2/41 [lemure[Pikel] (9)]
  4145 | D:4      | Identified the +0 war axe "Vaokuyvar" {heavy, +Blink rF+
                  | Int+3 Dex-4}
  4203 | D:4      | Noticed Eustachio
  4900 | D:4      | Killed Eustachio
  4901 | D:4      | Reached skill level 1 in Invocations
  4901 | D:4      | Reached skill level 1 in Evocations
  5089 | D:4      | Found a sacrificial altar of Ru.
  5171 | D:5      | Entered Level 5 of the Dungeon
  5171 | D:5      | Noticed Duvessa
  5171 | D:5      | Noticed Dowan
  5215 | D:4      | Reached XP level 8. HP: 34/46 MP: 5/13
  5311 | D:4      | Slain by an adder

Illustrated notes

Levels and vault maps discovered:
D:1:      minmay_arrival_nine_rooms, layout_basic
D:2:      cheibrodos_greedy_goblins, layout_basic, serial_shops, shop,
          corexii_leaking_fountain, nrook_mini_vaults, dk_noncrumbling_3,
          minmay_pentomino_p4, uniq_robin, uniq_natasha
D:3:      layout_rooms, mainiacjoe_overflow_catwalk_spiral,
          mainiacjoe_overflow_brackets, jmf_multi_god_temple2, uniq_sigmund
D:4:      layout_basic, nicolae_ru_path_of_blood, tgw_sif,
          minmay_temple_entry_grid, kennysheep_crisscross, uniq_eustachio,
          uniq_blork_the_orc, uniq_pikel
D:5:      layout_rooms, uniq_edmund, uniq_prince_ribbit1, uniq_duvessa
Temple:   nicolae_temple_bog_church

Skill      XL: |  1  2  3  4  5  6  7 |
---------------+----------------------+-----
Stealth        | 3 4 5 |  5.6
Conjurations   | 2 3 4 |  4.3
Dodging        | 3 |  3.8
Hexes          | 1 2 |  2.3
Spellcasting   | 3 |  3.5
Fire Magic     | 4 |  4.3
Invocations    | 1 |  1.2
Evocations     | 1 |  1.3

Action                     |  1- 3 |  4- 6 |  7- 9 || total
---------------------------+-------+-------+-------++-------
  Melee: Unarmed           |    20 |     2 |       ||    22
         Tentacles         |     6 |     6 |     4 ||    16
         Constrict         |     5 |    11 |     3 ||    19
         Rapier            |       |    22 |       ||    22
         Dagger            |       |     1 |       ||     1
         Mace              |       |     7 |     7 ||    14
         War axe           |       |       |     6 ||     6
   Cast: Foxfire           |    50 |    70 |    14 ||   134
         Scorch            |       |    19 |    23 ||    42
         Inner Flame       |       |     1 |     3 ||     4
         Flame Wave        |       |       |     3 ||     3
    Use: Scroll            |       |     5 |     1 ||     6
         Potion            |       |     1 |     2 ||     3
   Stab: Sleeping          |     1 |     2 |     3 ||     6
 Armour: Skin              |    10 |    41 |    31 ||    82
  Dodge: Dodged            |    16 |    28 |    27 ||    71

Table legend: (Time is in decaauts)
 A = Elapsed time spent in this place.
 B = Non-inter-level travel time spent in this place.
 C = Inter-level travel time spent in this place.
 D = Time resting spent in this place.
 E = Time spent auto-exploring this place.
 F = Levels seen in this place.
 G = Mean time per level.
                   A        B        C        D        E       F      G
               +--------+--------+--------+--------+--------+-----+--------+
         Total |   5334 |   5200 |    134 |    447 |   3362 |   6 |  889.0 |
       Dungeon |   5149 |   5028 |    121 |    447 |   3362 |   5 | 1029.8 |
        Temple |    184 |    171 |     13 |      0 |      0 |   1 |  184.0 |
               +--------+--------+--------+--------+--------+-----+--------+

Top non-repeatable levels by time:
     D:4: 1645 daAuts
     D:2: 1386 daAuts
     D:3: 1130 daAuts
     D:1: 981 daAuts
  Temple: 184 daAuts
     D:5: 6 daAuts
